 Dungeon Crawl Stone Soup version 0.26-a0-610-g3e9335b (webtiles) character file.

Game seed: 6542024672718881692

381 B1Gdaddy5 the Cudgeler (level 7, -2/54 HPs)
             Began as a Human Berserker on Sept 3, 2020.
             Was a Priest of Trog.
             Slain by a worker ant (4 damage)
             ... on level 4 of the Dungeon.
             The game lasted 00:24:50 (4429 turns).

B1Gdaddy5 the Cudgeler (Human Berserker)            Turns: 4429, Time: 00:24:51

Health: -2/54      AC:  6    Str: 19    XL:     7   Next: 5%
Magic:  7/7        EV: 12    Int:  8    God:    Trog [***...]
Gold:   173        SH:  0    Dex: 12    Spells: 6/6 levels left

rFire    . . .     SeeInvis .   g - +2 mace (protect)
rCold    . . .     Faith    .   (no shield)
rNeg     . . .     Spirit   .   o - +0 ring mail
rPois    .         Reflect  .   q - +0 helmet
rElec    .         Harm     .   (no cloak)
rCorr    +                      (no gloves)
MR       .....                  (no boots)
Stlth    ++........             (no amulet)
HPRegen  0.18/turn              l - ring of resist corrosion
MPRegen  0.10/turn              n - ring of stealth

@: lethally poisoned (-2 -> -6), berserk cooldown
A: no striking features
a: Berserk, Trog's Hand, Renounce Religion


You were on level 4 of the Dungeon.
You worshipped Trog.
Trog was most pleased with you.
You visited 1 branch of the dungeon, and saw 4 of its levels.

You collected 173 gold pieces.

Inventory:

Hand Weapons
 f - a +1 short sword of speed
 g - a +2 mace of protection (weapon)
Missiles
 r - 8 silver javelins (quivered)
Armour
 k - a scarf of shadows
 o - a +0 ring mail (worn)
 p - a +1 leather armour of cold resistance
 q - a +0 helmet (worn)
Jewellery
 l - a ring of resist corrosion (left hand)
 n - a ring of stealth (right hand)
Wands
 a - a wand of iceblast (11)
Scrolls
 c - 4 scrolls of identify {unknown}
 h - 3 scrolls of teleportation {unknown}
 j - 2 scrolls of immolation {unknown}
 m - a scroll of enchant armour {unknown}
 t - a scroll of blinking {unknown}
 u - a scroll of amnesia {unknown}
 v - a scroll of enchant weapon {unknown}
 w - a scroll of fear {unknown}
Potions
 b - a potion of berserk rage {unknown}
 d - a potion of flight {unknown}
 e - a potion of lignification {unknown}
 i - 4 potions of magic {unknown}
 s - a potion of curing {unknown}


   Skills:
 + Level 4.1 Fighting
 - Level 0.1 Short Blades
 + Level 5.2 Maces & Flails
 + Level 3.2 Armour
 + Level 3.2 Dodging
 + Level 1.9 Stealth


You had 6 spell levels left.
You didn't know any spells.
Your spell library was empty.

Dungeon Overview and Level Annotations

Branches:
Dungeon (4/15)
 Temple: D:4-7

Altars:
Cheibriados
Makhleb
Okawaru
Qazlal
Wu Jian

Annotations:
D:4 Eustachio


Message History

The worker ant poisons you!
* * * LOW HITPOINT WARNING * * *
You feel sick.
The white imp disappears in a puff of smoke!
The bat closely misses you.
* * * LOW HITPOINT WARNING * * *
You feel sick.
Eustachio mumbles some strange words.
Eustachio blinks!
The quokka closely misses you.
* * * LOW HITPOINT WARNING * * *
You feel sick. The bat closely misses you. The quokka bites you.
* * * LOW HITPOINT WARNING * * *
The quokka barely misses you. The worker ant barely misses you.
You barely miss the bat.
* * * LOW HITPOINT WARNING * * *
You feel sick. The bat barely misses you.
The quokka bites you but does no damage.
The quokka barely misses you. The worker ant bites you.
You die...

### ### #.####.#
###...#... #.........
### ##.......# ##.# ###
###........
#..###.###.....#....
#..@....#...##.#....
#.arr...@...#.......
#...b...............
###...............(..
##........#...........
##.........###.........
#...........###5.......
##.....#.##.....##.....
###.......#.#..........


You could see Eustachio, a worker ant, 2 quokkas and a bat (summoned).

Vanquished Creatures
  A phantom (D:4)
  An ogre (D:3)
  2 worker ants (D:4)
  2 adders
  4 gnolls (D:4)
  2 adder skeletons (D:4)
  3 worms
  A dart slug (D:2)
  A leopard gecko (D:1)
  9 orcs (D:3)
  6 bats
  2 giant cockroaches
  7 goblins
  8 hobgoblins
  11 jackals
  A quokka (D:3)
  3 frilled lizards
  8 kobolds
  5 rats
77 creatures vanquished.

Vanquished Creatures (others)
  4 plants (D:1)
4 creatures vanquished.

Grand Total: 81 creatures vanquished

Notes
Turn   | Place    | Note
-------+----------+-------------------------------------------
     0 | D:1      | B1Gdaddy5 the Human Berserker began the quest for the Orb.
     0 | D:1      | Reached XP level 1. HP: 18/18 MP: 1/1
   390 | D:1      | Reached XP level 2. HP: 21/24 MP: 2/2
   768 | D:1      | Reached XP level 3. HP: 18/29 MP: 3/3
  1062 | D:1      | Reached ** piety under Trog
  1072 | D:1      | Reached skill level 1 in Stealth
  1579 | D:2      | Reached XP level 4. HP: 35/35 MP: 4/4
  2175 | D:2      | Found a snail-covered altar of Cheibriados.
  2303 | D:2      | Found a burning altar of Makhleb.
  2352 | D:2      | Found an ornate altar of the Wu Jian Council.
  2355 | D:2      | Found an iron altar of Okawaru.
  2363 | D:2      | Found a stormy altar of Qazlal.
  2775 | D:3      | Reached skill level 4 in Maces & Flails
  2977 | D:3      | Reached XP level 5. HP: 10/41 MP: 5/5
  3639 | D:3      | Noticed an ogre
  3646 | D:3      | Killed an ogre
  3646 | D:3      | Reached XP level 6. HP: 48/48 MP: 6/6
  3854 | D:4      | Noticed a phantom
  3918 | D:4      | Killed a phantom
  4120 | D:4      | Reached *** piety under Trog
  4172 | D:4      | Reached skill level 5 in Maces & Flails
  4203 | D:4      | Reached XP level 7. HP: 43/54 MP: 7/7
  4378 | D:4      | Noticed Eustachio
  4429 | D:4      | HP: 2/54 [poisoned by a worker ant]
  4429 | D:4      | Slain by a worker ant

Illustrated notes

Levels and vault maps discovered:
D:1:      minmay_arrival_shattered_statue, layout_loops_corners,
          hangedman_decor_opposing, chequers_big_river
D:2:      layout_loops_ring, grunt_temple_overflow_cloverleaf,
          minmay_misc_feat_doors, kennysheep_slug_shrine
D:3:      layout_basic
D:4:      layout_cave_pools, uniq_eustachio

Skill      XL: |  1  2  3  4  5  6 |
---------------+-------------------+-----
Stealth        | 1 |  1.9
Maces & Flails | 4 5 |  5.2
Dodging        | 3 |  3.2
Fighting       | 4 |  4.1
Armour         | 3 |  3.2
Short Blades   | |  0.1

Action                   |  1- 3 |  4- 6 |  7- 9 || total
-------------------------+-------+-------+-------++-------
Melee: Mace              |    85 |   136 |     9 ||   230
       Short sword       |     9 |    26 |       ||    35
Invok: Berserk           |     1 |     5 |     1 ||     7
       Trog's Hand       |       |     1 |     1 ||     2
 Stab: Sleeping          |     2 |     1 |       ||     3
Armor: Animal skin       |    34 |     2 |       ||    36
       Ring mail         |       |    67 |    47 ||   114
       Leather armour    |       |    21 |       ||    21
Dodge: Dodged            |    86 |   134 |    68 ||   288

Table legend: (Time is in decaauts)
 A = Elapsed time spent in this place.
 B = Non-inter-level travel time spent in this place.
 C = Inter-level travel time spent in this place.
 D = Time resting spent in this place.
 E = Time spent auto-exploring this place.
 F = Levels seen in this place.
 G = Mean time per level.
                   A        B        C        D        E       F      G
               +--------+--------+--------+--------+--------+-----+--------+
         Total |   4549 |   4497 |     52 |   1213 |   2134 |   4 | 1137.2 |
       Dungeon |   4549 |   4497 |     52 |   1213 |   2134 |   4 | 1137.2 |
               +--------+--------+--------+--------+--------+-----+--------+

Top non-repeatable levels by time:
     D:1: 1448 daAuts
     D:3: 1392 daAuts
     D:2: 1048 daAuts
     D:4: 659 daAuts
